 Dungeon Sprint DCSS version 0.29-a0-284-gf9362112df (webtiles) character file.

Game seed: 2502797609417738417

3900000 horus123 the Conqueror (level 22, -28/212 HPs)
             Began as a Human Gladiator on Mar 20, 2022.
             Was the Champion of Makhleb.
             Annihilated by a large bag of meat
             ... wielding a +9 giant spiked club
              (35 damage)
             ... in the Dungeon (Sprint VIII: "Arena of Blood").
             The game lasted 00:04:57 (39 turns).

horus123 the Conqueror (Human Gladiator)              Turns: 39, Time: 00:04:58

Health: -28/212    AC:  8    Str: 23    XL:     22   Next: 79%
Magic:  20/53      EV: 29    Int:  9    God:    Makhleb [******]
Gold:   0          SH:  0    Dex: 17    Spells: 75/75 levels left

rFire   . . .      SeeInvis .   l - +∞ Axe of Woe
rCold   . . .      Faith    .   (shield currently unavailable)
rNeg    . . .      Spirit   .   b - +0 leather armour
rPois   .          Reflect  .   c - +0 helmet
rElec   .          Harm     .   (no cloak)
rCorr   .          Rampage  .   (no gloves)
Will    +....      NoTele   +   (no boots)
Stlth   ++++......              (no amulet)
HPRegen 0.45/turn               (no ring)
MPRegen 0.33/turn               (no ring)

@: no status effects
A: no striking features
a: Renounce Religion, Minor Destruction, Lesser Servant of Makhleb, Major
Destruction, Greater Servant of Makhleb


You were in the Dungeon.
You worshipped Makhleb.
Makhleb was exalted by your worship.
You visited 1 branch

Inventory:

Hand Weapons
 l - the +∞ Axe of Woe (weapon)
   (You found it in the Dungeon)
Missiles
 d - 3 throwing nets (quivered)
 e - a javelin
Armour
 b - a +0 leather armour (worn)
 c - a +0 helmet (worn)
Scrolls
 k - a scroll of blinking
Potions
 f - a potion of curing
 g - a potion of heal wounds
 h - a potion of haste
 i - 2 potions of magic
 j - a potion of berserk rage


   Skills:
 O Level 27 Fighting
 O Level 27 Axes
 O Level 27 Maces & Flails
 O Level 27 Polearms
 O Level 27 Throwing
 O Level 27 Armour
 O Level 27 Dodging
 + Level 9.7 Stealth
 O Level 27 Spellcasting
 O Level 27 Invocations


You had 75 spell levels left.
You didn't know any spells.
Your spell library was empty.

Dungeon Overview and Level Annotations

Branches:
Dungeon (1/1)

Altars:
Makhleb


Message History

The fiery explosion engulfs you!!
The fiery explosion engulfs the eight-headed meat hydra!!!
You hear a shout! x5
The eight-headed meat hydra is engulfed in blazing flames.
The eight-headed meat hydra calls on the powers of darkness!
The eight-headed meat hydra convulses!
The meat berserker convulses! x2
Your body is wracked with pain!
The bag of meat convulses!
The meat berserker convulses!
The large bag of meat convulses!
Flame seeps out of the large bag of meat.
The bag of meat convulses! x7; The large bag of meat convulses!
Flame seeps out of the large bag of meat.
You hear a shout!
The destroyer is engulfed in blazing flames.
You hear a shout! x5
A bag of meat comes into view. It is wielding a +9 war axe. x2
You hear a shout!
The large bag of meat is engulfed in blazing flames.
You hear a shout!
The large bag of meat is engulfed in blazing flames.
You hear a shout! x2
You have mastered Polearms!
You need to enable at least one skill for training.
Your Stealth skill gained 9 levels and is now at level 9!
A large bag of meat comes into view. It is wielding a +9 giant spiked club.
Unknown command.
The meat berserker rages.
The meat berserker is engulfed in blazing flames.
You hear a shout!
The eight-headed meat hydra is engulfed in blazing flames.
The destroyer is engulfed in blazing flames.
You hear a shout! x2
A sculptor of flesh comes into view. It is wielding a +9 great sword.
The destroyer casts a spell at you.
The destroyer blinks!
The bag of meat is engulfed in blazing flames.
The large bag of meat is engulfed in blazing flames.
The large bag of meat hits you with a +9 giant spiked club!!!!
* * * LOW HITPOINT WARNING * * *
The large bag of meat hits you with a +9 giant spiked club!!
You die...

...#... #.... ..#
#§.....###.o. ..###.
oO.....o..o..###......
.....#........_......
...#......o#.....#
#.....VV§§.#_.<._#
...#..§§○OD#z....#..
....o#.O)V.).)_......
..§.zoOoO@.).###......
...o..oo###)......###.
......§.§ #.z.....#
....O.....#.o.....#
.#oo...............
#.#.#..............
.#.#...............
.#.#...........O..


You could see an eight-headed meat hydra, 3 destroyers, 3 sculptors of flesh, 2
large bags of meat, 3 meat berserkers and 12 bags of meat.

Vanquished Creatures
  3 vampire knights (D)
  12 ogres (D)
  2 two-headed ogres (D)
  28 orcs (D)
  2 skeletal warriors (D)
47 creatures vanquished.

Notes
Turn   | Place    | Note
-------+----------+-------------------------------------------
     0 | D        | Found the +∞ Axe of Woe
     0 | D        | horus123 the Human Gladiator began the quest for the Orb.
     0 | D        | Reached XP level 1. HP: 16/16 MP: 1/1
     2 | D        | Noticed a bag of meat
     5 | D        | Became a worshipper of Makhleb the Destroyer
     6 | D        | Noticed a meat berserker
     6 | D        | Noticed a bag of meat
     6 | D        | Noticed a meat berserker
     6 | D        | Noticed a bag of meat
     7 | D        | Killed a bag of meat
     8 | D        | Reached XP level 2. HP: 34/34 MP: 2/2
     8 | D        | Reached XP level 3. HP: 39/39 MP: 3/3
     8 | D        | Reached XP level 4. HP: 46/46 MP: 4/4
     8 | D        | Reached XP level 5. HP: 52/52 MP: 5/5
     8 | D        | Reached XP level 6. HP: 58/58 MP: 6/6
     8 | D        | Reached XP level 7. HP: 64/64 MP: 7/7
     8 | D        | Reached XP level 8. HP: 71/71 MP: 8/8
     8 | D        | Reached XP level 9. HP: 76/76 MP: 9/9
     8 | D        | Reached XP level 10. HP: 83/83 MP: 10/10
     8 | D        | Reached XP level 11. HP: 89/89 MP: 11/11
     8 | D        | Killed a meat berserker
     8 | D        | Reached * piety under Makhleb
     9 | D        | Reached XP level 12. HP: 124/124 MP: 12/12
     9 | D        | Reached XP level 13. HP: 130/130 MP: 13/13
     9 | D        | Killed a meat berserker
     9 | D        | Noticed a meat berserker
    10 | D        | Reached XP level 14. HP: 151/151 MP: 14/14
    10 | D        | Noticed a bag of meat
    10 | D        | Noticed a bag of meat
    10 | D        | Noticed a bag of meat
    10 | D        | Noticed a bag of meat
    11 | D        | Killed a bag of meat
    11 | D        | Noticed a meat berserker
    12 | D        | Reached skill level 27 in Fighting
    12 | D        | Killed a meat berserker
    12 | D        | Reached ** piety under Makhleb
    12 | D        | Killed a bag of meat
    13 | D        | Reached XP level 15. HP: 159/159 MP: 15/15
    15 | D        | Noticed a meat berserker
    16 | D        | Reached skill level 27 in Axes
    16 | D        | Killed a meat berserker
    16 | D        | Reached *** piety under Makhleb
    17 | D        | Reached XP level 16. HP: 167/167 MP: 15/28
    17 | D        | Noticed a large bag of meat
    18 | D        | Noticed a meat berserker
    18 | D        | Noticed a destroyer
    19 | D        | Noticed a destroyer
    20 | D        | Noticed a meat berserker
    20 | D        | Killed a meat berserker
    20 | D        | Reached **** piety under Makhleb
    21 | D        | Reached skill level 27 in Invocations
    21 | D        | Reached XP level 17. HP: 174/174 MP: 15/34
    21 | D        | Noticed a destroyer
    21 | D        | Noticed a meat berserker
    21 | D        | Noticed a meat berserker
    23 | D        | Killed a meat berserker
    23 | D        | Reached ***** piety under Makhleb
    23 | D        | Noticed a large bag of meat
    23 | D        | Noticed a meat berserker
    24 | D        | Reached skill level 27 in Dodging
    24 | D        | Reached XP level 18. HP: 182/182 MP: 16/35
    24 | D        | Killed a destroyer
    24 | D        | Noticed a destroyer
    25 | D        | Killed a destroyer
    26 | D        | Reached skill level 27 in Armour
    26 | D        | Reached XP level 19. HP: 189/189 MP: 16/36
    27 | D        | Reached ****** piety under Makhleb
    27 | D        | Noticed a meat berserker
    28 | D        | Killed a meat berserker
    28 | D        | Killed a meat berserker
    28 | D        | Killed a meat berserker
    29 | D        | Reached skill level 27 in Throwing
    29 | D        | Reached XP level 20. HP: 197/197 MP: 17/45
    30 | D        | Killed a meat berserker
    30 | D        | Noticed a meat berserker
    30 | D        | Noticed a large bag of meat
    31 | D        | Reached skill level 27 in Spellcasting
    31 | D        | Reached XP level 21. HP: 204/204 MP: 17/52
    31 | D        | Noticed an eight-headed meat hydra
    32 | D        | Noticed a meat berserker
    33 | D        | Killed a meat berserker
    33 | D        | Noticed a meat berserker
    34 | D        | Noticed a large bag of meat
    34 | D        | Killed a destroyer
    34 | D        | Killed a large bag of meat
    35 | D        | Reached skill level 27 in Maces & Flails
    35 | D        | Reached XP level 22. HP: 182/212 MP: 18/53
    35 | D        | Noticed a destroyer
    35 | D        | Noticed a meat berserker
    35 | D        | Noticed a destroyer
    36 | D        | Killed a meat berserker
    38 | D        | Killed a large bag of meat
    39 | D        | Reached skill level 27 in Polearms
    39 | D        | Noticed a large bag of meat
    39 | D        | HP: 7/212 [large bag of meat/+9 giant spiked club (76)]
    39 | D        | Annihilated by a large bag of meat

Illustrated notes

Levels and vault maps discovered:
D:        meatsprint

Skill      XL: |  1  2  3  4  5  6  7  8  9 10 11 12 13 14 15 16 17 18 19 20 21 22 |
---------------+-------------------------------------------------------------------+-----
Fighting       | 9 21 26 27 | 27.0
Axes           | 16 25 27 | 27.0
Throwing       | 9 27 | 27.0
Dodging        | 16 19 27 | 27.0
Invocations    | 17 27 | 27.0
Armour         | 11 27 | 27.0
Spellcasting   | 21 27 | 27.0
Maces & Flails | 17 27 | 27.0
Polearms       | 20 27 | 27.0
Stealth        | 9 |  9.7

Action                   |  1- 3 |  4- 6 |  7- 9 | 10-12 | 13-15 | 16-18 | 19-21 | 22-24 || total
-------------------------+-------+-------+-------+-------+-------+-------+-------+-------++-------
Melee: Executioner's axe |     1 |       |       |     1 |     5 |     7 |     8 |     3 ||    25
Dodge: Dodged            |       |       |       |       |       |       |     1 |       ||     1

Table legend: (Time is in decaauts)
 A = Elapsed time spent in this place.
 B = Non-inter-level travel time spent in this place.
 C = Inter-level travel time spent in this place.
 D = Time resting spent in this place.
 E = Time spent auto-exploring this place.
 F = Levels seen in this place.
 G = Mean time per level.
                   A        B        C        D        E       F      G
               +--------+--------+--------+--------+--------+-----+--------+
         Total |     33 |     33 |      0 |      0 |      0 |   1 |   33.0 |
       Dungeon |     33 |     33 |      0 |      0 |      0 |   1 |   33.0 |
               +--------+--------+--------+--------+--------+-----+--------+

Top non-repeatable levels by time:
       D: 33 daAuts
